 Dungeon Crawl Stone Soup version 0.20-a0-1042-g33e7df7 (webtiles) character file.

73 TheGoonsmith the Cudgeler (level 4, -1/34 HPs)
             Began as a Demonspawn Gladiator on Apr 24, 2017.
             Slain by a gnoll
             ... wielding a +0 flail
              (13 damage)
             ... while paralysed by Grinder
             ... on level 3 of the Dungeon.
             The game lasted 00:03:40 (2096 turns).

TheGoonsmith the Cudgeler (Demonspawn Gladiator)    Turns: 2096, Time: 00:03:40

Health: -1/34      AC:  6    Str: 16    XL:     4   Next: 8%
Magic:  4/4        EV:  2    Int:  9    God:
Gold:   49         SH:  0    Dex: 14    Spells: 3/3 levels left

rFire    . . .     SeeInvis .   a - +0 flail
rCold    . . .     Gourm    .   (no shield)
rNeg     . . .     Faith    .   r - +0 ring mail
rPois    .         Spirit   .   c - +0 helmet
rElec    .         Reflect  .   (no cloak)
rCorr    .         Harm     .   (no gloves)
MR       .....                  (no boots)
Stlth    +.........             (no amulet)
Regen    0.2/turn               (no ring)
MPRegen  0.1/turn               (no ring)

@: paralysed
A: spiny 1
a: no special abilities


You were on level 3 of the Dungeon.
You were not hungry.

You visited 1 branch of the dungeon, and saw 3 of its levels.

You collected 49 gold pieces.

Inventory:

Hand Weapons
 a - a +0 flail (weapon)
 b - a +0 hunting sling
Missiles
 d - 3 throwing nets (quivered)
 e - 10 poisoned needles
 n - 55 stones
Armour
 c - a +0 helmet (worn)
 r - a +0 ring mail (worn)
Scrolls
 j - a scroll of noise {unknown}
 k - a scroll of fog {unknown}
 l - a scroll of identify {unknown}
 m - a scroll of enchant weapon {unknown}
 o - a scroll of amnesia {unknown}
Potions
 h - a potion of haste {unknown}
 i - 2 potions of magic {unknown}
 p - a potion of flight {unknown}
 s - 2 potions of curing {unknown}
 u - a potion of might {unknown}
Comestibles
 f - 2 bread rations
 g - 2 meat rations
 q - 4 fruits
 t - a royal jelly
 v - a chunk of flesh


   Skills:
 + Level 2.9 Fighting
 * Level 4.0 Maces & Flails
 - Level 1.7 Throwing
 - Level 2.6 Dodging


You had 3 spell levels left.
You didn't know any spells.

Dungeon Overview and Level Annotations

Branches:
Dungeon (3/15)

Altars:

Annotations:
D:3 Grinder; Lookapuppie's ghost, amateur GrFi


Innate Abilities, Weirdness & Mutations

You are partially covered in sharp spines.


Message History

Level annotation: Grinder; Lookapuppie's ghost, amateur GrFi A gnoll comes into view.
It is wielding a flail.
The gnoll shouts! 2 gnolls come into view.
There is a stone staircase leading up here.
Grinder gestures at you.
You suddenly lose the ability to move!
The gnoll hits you with a flail.
A gnoll comes into view.
The gnoll shouts!
Grinder says, "Just stop there for a second..."
Grinder blinks!
The gnoll is struck by your spines. The gnoll hits you but does no damage.
The gnoll hits you but does no damage.
The gnoll hits you from afar with a spear.
The gnoll hits you with a flail! The gnoll hits you but does no damage.
The gnoll hits you from afar with a spear.
The gnoll hits you with a flail!
You die...

##.## #.#
### #.. ..#
#.. .. #.#
#.# ### #.#
#.# .# #.#
#.# #.##
#@.#
#.....5.gg.#
#.####..gg.#
#.......
#.....###
#.....#
.##.#.. #
.#.##


You could see Grinder and 4 gnolls.

Vanquished Creatures
  2 adders (D:2)
  A leopard gecko (D:2)
  10 bats
  2 giant cockroaches
  6 goblins
  8 hobgoblins
  4 jackals (D:1)
  6 kobolds
  A ball python (D:1)
  2 frilled lizards
  8 rats
50 creatures vanquished.

Notes
Turn   | Place    | Note
-------+----------+-------------------------------------------
     0 | D:1      | TheGoonsmith the Demonspawn Gladiator began the quest for the Orb.
     0 | D:1      | Reached XP level 1. HP: 16/16 MP: 1/1
   177 | D:1      | Reached skill level 3 in Maces & Flails
   248 | D:1      | Gained mutation: You are partially covered in sharp spines. [demonic ancestry]
   248 | D:1      | Reached XP level 2. HP: 22/22 MP: 2/2
   812 | D:2      | Reached XP level 3. HP: 28/28 MP: 3/3
  1855 | D:2      | Reached XP level 4. HP: 33/34 MP: 4/4
  1932 | D:2      | Reached skill level 4 in Maces & Flails
  2032 | D:3      | Noticed Lookapuppie's ghost (amateur GrFi)
  2075 | D:3      | Noticed Grinder
  2091 | D:3      | Paralysed by Grinder for 6 turns
  2096 | D:3      | Slain by a gnoll

Vault maps used:
D:1:      matt_arrival_diagonals
D:3:      minmay_splitting_lines, kennysheep_generic_room_4, uniq_grinder

Skill      XL: |  1  2  3  4 |
---------------+-------------+-----
Maces & Flails | 3 4 |  4.0
Fighting       | |  2.9
Throwing       | |  1.7
Dodging        | |  2.6

Action                   |  1- 3 |  4- 6 || total
-------------------------+-------+-------++-------
Melee: Flail             |    84 |     7 ||    91
 Fire: Hunting sling     |       |     4 ||     4
  Eat: Chunk             |     3 |     1 ||     4
Armor: Leather armour    |    18 |       ||    18
       Ring mail         |     5 |     5 ||    10
Dodge: Dodged            |    49 |     1 ||    50
